[Event "*** Titled Tuesday Blitz"]
[Site "Chess.com"]
[Date "2018.09.04"]
[Round "5"]
[White "Genghis_K"]
[Black "Abrito99"]
[Result "0-1"]
[WhiteElo "2849"]
[BlackElo "2571"]
[TimeControl "180+2"]
[EndTime "14:42:24 PDT"]
[Termination "Abrito99 won by resignation"]

1. e4 c5 2. Nf3 e6 3. g3 Nc6 4. Bg2 Nf6 5. Qe2 e5 6. O-O d6 7.
c3 Be7 8. Rd1 Qc7 9. Na3 O-O 10.
d4 cxd4 11. cxd4 Bg4 12. Nc2 Bh5 13. b3 Rac8 14. Bb2 Rfe8 15. d5 Nb8 16. Rdc1 Nbd7 17.
Ne3 Qa5 18. Nf5 Bf8 19. a3 Qb6 20. b4 a5 21. Qe1 Rxc1 22. Rxc1 axb4 23. axb4 Ra8 24. h3 Ra2 25. Bc3 Nxe4 26. Bd2 Qxf2+ 27. Qxf2 Nxf2 28. Kxf2 Bxf3 29. Bxf3 Rxd2+ 30. Ke1 Rd3 31. Be2 Rb3 32. Rc8 g6 33. Nxd6 Nf6 34. Bc4 Rxb4 35.
Nb5 Nxd5 36. Bxd5 Rxb5 37. Rd8 b6 38. Rd7 Be7 39. Ke2 Kf8 40. g4 Rb2+ 41. Kd3 f5 42. gxf5 gxf5 43. Kc3 Rh2 44. Be6 Rxh3+ 45. Kc2 Rh2+ 46.
Kd1 f4 47. Bd5 h5 48. Be4 h4 49. Rb7 Rb2 50. Rb8+ Kg7 51. Re8 Kf7 52. Rh8 Kg7 53. Re8 Kf6 54. Rh8 Ke6 55. Rh6+ Kd7 56. Rg6 Rb4 57.
Bc6+ Kc7 58. Re6 Rd4+ 59. Ke2 Rd6 60. Rxe7+ Kxc6 61. Rxe5 Rf6 62. Kf3 Rh6 63. Kg2 h3+ 64.
Kh2 b5 65. Rf5 Kb6 66. Rxf4 Ka5 67. Rf5 Ka4 68. Rf4+ b4 69. Re4 Ka3 70. Re5 b3 71. Re6 Rxe6 0-1

[Event "*** Titled Tuesday Blitz"]
[Site "Chess.com"]
[Date "2018.09.04"]
[Round "5"]
[White "chessmaxusa"]
[Black "Orest_Vovk"]
[Result "0-1"]
[WhiteElo "2495"]
[BlackElo "2426"]
[TimeControl "180+2"]
[EndTime "14:42:38 PDT"]
[Termination "Orest_Vovk won by resignation"]

1. d4 Nc6 2. Nf3 d6 3. Bf4 Bg4 4. e3 e6 5. Be2 Be7 6. h3 Bxf3 7. Bxf3 Bg5 8. Bh2 Nge7 9. O-O O-O 10. c4 e5 11. Nc3 exd4 12. exd4 Nf5 13. d5 Ne5 14. Be2 Bh6 15. b3 Qh4 16. Nb5 Rfc8 17.
Bg4 Nxg4 18. hxg4 Ne7 19. Nd4 Bg5 20. Qf3 Bf6 21. Rad1 Bxd4 22. Rxd4 Ng6 23. Re4 Re8 24. Rfe1 Rxe4 25. Qxe4 h6 26. Bg3 Qg5 27. Re2 b6 28.
Qf5 Rd8 29. a4 a5 30. f4 Qxf5 31. gxf5 Nf8 32. Re7 Nd7 33. Bh4 f6 34. Bf2 Kf8 35. Re6 Kf7 36. Kh2 Nf8 37. Re4 Re8 38. Rxe8 Kxe8 39.
Kg3 Nd7 40. Kf3 Kf7 41. g4 Nb8 42. Ke4 Na6 43. Kd3 g6 44. Ke4 Nb4 45. fxg6+ Kxg6 46. Kf3 Nc2 47. f5+ Kg7 48. Bg3 Na1 49. Ke3 Nxb3 50.
Kd3 Nc5+ 51. Kc3 Nxa4+ 52. Kd4 Nc5 53. Bf4 Nd7 54. Bd2 Ne5 55. Be1 Nxg4 56. Bd2 Ne5 57. c5 Nf3+ 58. Kd3 Nxd2 59. cxb6 cxb6 60. Kxd2 Kf7 61. Kd3 Ke7 62. Kd4 h5 63. Kc4 h4 64. Kd4 h3 65. Ke3 h2 66. Kf3 h1=Q+ 67. Kf4 Qxd5 0-1

[Event "*** Titled Tuesday Blitz"]
[Site "Chess.com"]
[Date "2018.09.04"]
[Round "5"]
[White "Abdodi"]
[Black "VeraNebolsina"]
[Result "1-0"]
[WhiteElo "2261"]
[BlackElo "2397"]
[TimeControl "180+2"]
[EndTime "14:42:48 PDT"]
[Termination "Abdodi won by checkmate"]

1. d4 Nf6 2. c4 g6 3. Nc3 d5 4. h4 Bg7 5. cxd5 Nxd5 6. h5 Nc6 7.
hxg6 hxg6 8. Rxh8+ Bxh8 9. e4 Nxc3 10. bxc3 Qd6 11. Ne2 Be6 12. d5 O-O-O 13. Qa4 Qc5 14. Bd2 Ne5 15. Nd4 Bd7 16. Qb3 b6 17. a4 a5 18. Be3 Ng4 19. Ba6+ Kb8 20. Nc6+ Bxc6 21. Bxc5 Ka7 22. Bxe7 Re8 23. d6 cxd6 24. Bxd6 Rxe4+ 25. Kf1 Kxa6 26. f3 Ne3+ 27. Kf2 Re6 28. Bf4 Nd5 29. Bd2 Bf6 30. Re1 Rd6 31. g3 Nc7 32. Be3 Bd5 33. Qd1 Rc6 34. Qe2+ Bc4 35. Qd2 Nd5 36. Bd4 Be7 37.
Re5 Bd6 38. Re8 Nc7 39. Rh8 f5 40. Qg5 f4 41. gxf4 Ne6 42. Qxg6 Nxd4 43. cxd4 Bd5 44.
Qe8 Rc2+ 45. Ke3 Rc3+ 46. Kd2 Bb4 47. Qb5+ Ka7 48. Qxd5 Rc5+ 49. Kd3 Rxd5 50. Re8 Bc5 51. Re4 b5 52. axb5 a4 53. Kc4 Rf5 54. dxc5 a3 55.
Re7+ Kb8 56. b6 a2 57. Ra7 Rxf4+ 58. Kb5 Rxf3 59. Rxa2 Rb3+ 60. Kc6 Rf3 61. Re2 Rf6+ 62. Kb5 Rf5 63. Re7 Ka8 64. Ka6 Rxc5 65. Re8+ Rc8 66.
Rxc8# 1-0

[Event "*** Titled Tuesday Blitz"]
[Site "Chess.com"]
[Date "2018.09.04"]
[Round "5"]
[White "maciek_92"]
[Black "Fins0905"]
[Result "1/2-1/2"]
[WhiteElo "2663"]
[BlackElo "2609"]
[TimeControl "180+2"]
[EndTime "14:43:00 PDT"]
[Termination "Game drawn by agreement"]

1. c4 c6 2. Nf3 d5 3. b3 Bg4 4. Bb2 e6 5. e3 Nd7 6. h3 Bh5 7. Be2 Ngf6 8. O-O Bd6 9. d4 O-O 10. Nc3 h6 11. Nd2 Bg6 12. c5 Bc7 13. f4 a5 14. a3 b5 15. b4 Ne4 16. Ndxe4 Bxe4 17. Nxe4 dxe4 18. a4 Nf6 19. axb5 cxb5 20. bxa5 Rxa5 21. Qb3 Nd5 22. Rxa5 Bxa5 23. Bxb5 Qb8 24. Bc1 Nc3 25.
Bc4 Ne2+ 26. Kf2 Qxb3 27. Bxb3 Nxc1 28. Rxc1 Rb8 29. Bc2 Rb2 30. Ke2 f5 31. Kd1 Ra2 32. g4 g6 33. Rb1 Kf7 34. Rb7+ Kf6 35. gxf5 gxf5 36. c6 Ra1+ 37. Bb1 Ra3 38. Ke2 Rc3 39. Rb5 Bc7 40. Rc5 Rxc5 41. dxc5 e5 42. fxe5+ Kxe5 43. Ba2 Ba5 44. Bc4 Bc7 45. Kd2 Ba5+ 46. Kc2 f4 47. exf4+ Kxf4 48. Kb3 Ke3 49. Ka4 Bc7 50. Kb5 Kd4 51. Bf1 Bd8 52. Be2 Bc7 53. Bf1 Bd8 54.
Bg2 e3 55. Bf1 Bc7 56. Be2 Bd8 57. Bf3 Bc7 58. Bd1 Bd8 59. Be2 Bc7 60. Bf3 Bd8 61.
h4 Bc7 62. h5 Bd8 63. Kb4 Bc7 64. Kb5 Bd8 65. Ka6 Kxc5 66. Kb7 Kd6 67. Be2 Bc7 68.
Kc8 Ba5 69. Kb7 Bc7 1/2-1/2

[Event "*** Titled Tuesday Blitz"]
[Site "Chess.com"]
[Date "2018.09.04"]
[Round "5"]
[White "MikeSailer"]
[Black "HanSchut"]
[Result "1-0"]
[WhiteElo "2109"]
[BlackElo "2212"]
[TimeControl "180+2"]
[EndTime "14:43:02 PDT"]
[Termination "MikeSailer won by resignation"]

1. c4 Nf6 2. g3 d5 3. cxd5 Nxd5 4. Bg2 c5 5. Nc3 Nc7 6. Nf3 Nc6 7. d3 e5 8. O-O Be7 9. Nd2 Bd7 10. a4 O-O 11. Nc4 f6 12. f4 exf4 13. Bxf4 Ne6 14. Bd2 Rc8 15. Nb5 Kh8 16. Nbd6 Rc7 17. Bd5 Bc8 18. Nxc8 Qxd5 19. Nxe7 Rxe7 20. Bc3 Ned4 21. e4 Qd7 22. Qh5 Ne5 23. Rad1 Nxc4 24. dxc4 Rxe4 25. Qxc5 Ne2+ 26. Kg2 Qe8 27. Bb4 Rg8 28. Rf2 b6 29. Qc7 Nd4 30. Rfd2 Ne6 31. Qxa7 Rxc4 32. Qxb6 Qa8+ 33. Kg1 Ng5 34. Rd8 Nh3+ 35. Kf1 Qh1+ 36. Ke2 Rc2+ 37. Kd3 Qxh2 38. Rxg8+ Kxg8 39. Qd8+ Kf7 40. Qe7+ Kg6 41. Qe3 Ng5 42. Qe8+ Kh6 43. Qe3 Rg2 44. Bd6 Qh3 45. Rg1 Qf5+ 46. Kc3 Qc2+ 47. Kb4 Qxb2+ 48.
Ka5 Re2 49. Rh1+ Kg6 50. Qd3+ Ne4 51. Bb4 Qe5+ 52. Qb5 Qxb5+ 53. axb5 Ra2+ 54. Kb6 Nxg3 55. Rg1 f5 56. Rxg3+ Kf7 57. Rf3 g6 58. Kc5 Ke6 59. b6 Ra8 60. b7 Rb8 61. Kb6 Ke5 62. Kc7 Ke4 63. Kxb8 Kxf3 64. Kc7 g5 65. b8=Q g4 66. Qb7+ Kg3 67. Qh1 1-0

[Event "*** Titled Tuesday Blitz"]
[Site "Chess.com"]
[Date "2018.09.04"]
[Round "5"]
[White "Vamostodorecto"]
[Black "BvsN"]
[Result "1/2-1/2"]
[WhiteElo "2398"]
[BlackElo "2241"]
[TimeControl "180+2"]
[EndTime "14:43:02 PDT"]
[Termination "Game drawn by agreement"]

1. d4 d5 2. c4 c6 3. Nc3 Nf6 4. Nf3 e6 5. e3 Nbd7 6. Bd3 dxc4 7. Bxc4 b5 8. Be2 Bd6 9. O-O O-O 10. a3 Bb7 11. b4 a5 12. Rb1 axb4 13. axb4 Qe7 14. Qb3 e5 15. dxe5 Nxe5 16. Nd4 Neg4 17. h3 Nh6 18. e4 Nxe4 19. Bxh6 Qe5 20. Nf3 Qxc3 21. Be3 Qxb3 22. Rxb3 Ra2 23. Bd3 Nf6 24. Rd1 Nd5 25. Be4 Nxe3 26. fxe3 Bb8 27. Rbd3 Ba7 28. Kh1 g6 29. Rd7 Bc8 30. Rd8 Be6 31. Bxc6 Bc4 32. Rxf8+ Kxf8 33. Ne5 Bxe3 34. Re1 Bd4 35. Nxc4 bxc4 36.
Bd5 Rc2 37. Rf1 f6 38. b5 c3 39. Rd1 Rb2 40. Be4 Be5 41. Bd3 c2 42. Rc1 Rb1 43. Rxb1 cxb1=Q+ 44. Bxb1 Bd4 45. Bd3 Ke7 46. g4 Kd6 47.
Kg2 Ke5 48. Kf3 Kd5 49. h4 Ke5 50. h5 f5 51. gxf5 gxf5 52. Bc2 Bc5 53. Bb3 Bb6 54. Kg3 Kf6 55. Kf3 Kg5 56. Bf7 h6 57. Be8 Kf6 58. Bg6 Kg5 59. Be8 Kf6 60. Bg6 Kg5 61. Ke2 Kf4 62.
Kf1 Kg4 63. Ke2 f4 64. Kf1 Kg3 65. Ke1 f3 66. Kf1 Bc5 67. Bf7 Bd4 68. Bd5 Be3 69. Bc6 f2 70. Be8 Kh4 71. Bg6 Kh3 72. Be8 Kg3 1/2-1/2

[Event "*** Titled Tuesday Blitz"]
[Site "Chess.com"]
[Date "2018.09.04"]
[Round "5"]
[White "RiskyDecision"]
[Black "lucasmito"]
[Result "0-1"]
[WhiteElo "2443"]
[BlackElo "2359"]
[TimeControl "180+2"]
[EndTime "14:43:07 PDT"]
[Termination "lucasmito won by resignation"]

1. d4 Nf6 2. c4 g6 3. g3 Bg7 4. Bg2 d5 5. cxd5 Nxd5 6. e4 Nb6 7. Ne2 O-O 8. O-O Nc6 9. d5 Nb4 10. Nbc3 e6 11. a3 Na6 12. b4 exd5 13. exd5 Re8 14.
Bf4 Bg4 15. Ra2 Bxc3 16. f3 Rxe2 17. Rxe2 Bf5 18. Be5 Nxd5 19. f4 Bxe5 20. Rxe5 c6 21. g4 Bd7 22. f5 Qf6 23. Qe1 Nac7 24. h4 Re8 25. Rxe8+ Bxe8 26. fxg6 Qxg6 27. g5 Bd7 28. Qe5 Be6 29. Qd6 Qd3 30. Kh1 Qd4 31. Qg3 Qe3 32.
Qh2 Qe2 33. Qg3 Ne3 34. Re1 Qxg2+ 35. Qxg2 Nxg2 36. Kxg2 Nd5 37. Kg3 Kg7 38. h5 h6 39.
Kh4 hxg5+ 40. Kxg5 Nc3 41. Re3 Nd5 42. h6+ Kh7 43. Re2 Ne7 44. Rd2 Nf5 45. Rd8 Nxh6 46.
Rb8 b5 47. Ra8 Kg7 48. Rxa7 Bd5 49. a4 bxa4 50. Rxa4 f6+ 51. Kf4 Kg6 52. Ra5 Bc4 53. Ra8 Bb5 54. Rf8 Nf7 55. Rg8+ Kh7 56. Rg1 Nh6 57.
Rh1 Kg7 58. Rg1+ Kf7 59. Rd1 Ng8 60. Rd7+ Ne7 61. Rd8 Nd5+ 62. Kf5 Ne7+ 63. Kf4 Ke6 64. Rd4 Nd5+ 65. Kg4 Ke5 66. Rd1 Ne3+ 0-1

[Event "*** Titled Tuesday Blitz"]
[Site "Chess.com"]
[Date "2018.09.04"]
[Round "5"]
[White "lhavas"]
[Black "Jbd735"]
[Result "0-1"]
[WhiteElo "2298"]
[BlackElo "2329"]
[TimeControl "180+2"]
[EndTime "14:43:09 PDT"]
[Termination "Jbd735 won by resignation"]

1. d4 d5 2. Bf4 Nf6 3. e3 e6 4. c3 Bd6 5. Bg3 Ne4 6. Nd2 Nxg3 7.
hxg3 c5 8. Bd3 h6 9. Ngf3 Nc6 10. Qc2 f5 11. O-O-O O-O 12. dxc5 Bxc5 13. Rh5 Qf6 14.
Rdh1 Bd7 15. Nd4 Rac8 16. Nxc6 bxc6 17. Nb3 Bd6 18. Kb1 Rb8 19. c4 Rb4 20. c5 Bc7 21. R5h4 Rfb8 22. Rxb4 Rxb4 23. a3 Rb8 24. Ka2 e5 25. f4 Be6 26. Rd1 e4 27. Be2 d4 28.
Bc4 dxe3 29. Bxe6+ Qxe6 30. Re1 a5 31. a4 Rb4 32. Rxe3 Rxa4+ 33. Kb1 Rc4 34. Qd2 a4 35. Nd4 Qd5 36. Nf3 exf3 37. Qxd5+ cxd5 38. gxf3 Rxc5 39. Re8+ Kf7 40. Ra8 Rc4 41. Ra7 Ke6 42. Ka2 g5 43. fxg5 hxg5 44. Ra6+ Kf7 45. Ra7 Ke6 46. Ra6+ Bd6 47.
b3 axb3+ 48. Kxb3 Rc1 49. Ra8 Bxg3 50. Re8+ Kf6 51. Rd8 Ke5 52. Re8+ Kf4 53. Rd8 Rf1 54. Rxd5 Rxf3+ 55. Kc2 g4 56. Kd2 Kg5 57. Ke2 Bc7 58. Rd7 Bf4 59. Rg7+ Kf6 60. Rg8 Ra3 61. Rf8+ Kg5 62.
Rg8+ Kh4 63. Kf2 Ra2+ 64. Kg1 Kg3 65. Kf1 Be5 66. Re8 Ra5 67. Rf8 f4 68. Ke2 f3+ 69. Ke3 Bf4+ 70. Rxf4 Ra3+ 71. Ke4 Ra4+ 72. Ke3 Rxf4 0-1

[Event "*** Titled Tuesday Blitz"]
[Site "Chess.com"]
[Date "2018.09.04"]
[Round "5"]
[White "platy3"]
[Black "Barcelona_Guy"]
[Result "1-0"]
[WhiteElo "2754"]
[BlackElo "2543"]
[TimeControl "180+2"]
[EndTime "14:43:11 PDT"]
[Termination "platy3 won by resignation"]

1. e4 c5 2. Nf3 e6 3. d4 cxd4 4. Nxd4 Nc6 5. Nc3 Qc7 6. f4 a6 7. Nxc6 bxc6 8. Bd3 Bc5 9. Qe2 Ne7 10. e5 d5 11. exd6 Bxd6 12. O-O Bc5+ 13. Kh1 Nd5 14. Ne4 Be7 15. c4 Nf6 16. b3 Nxe4 17. Bxe4 Bf6 18. Rb1 O-O 19. Ba3 Rd8 20. Rbd1 Bb7 21. Qe3 Rd7 22. f5 Rad8 23. Rde1 e5 24. Bc5 Rd4 25.
Bxd4 exd4 26. Qf3 h6 27. c5 a5 28. Bd3 Bh4 29. Re4 Bf6 30. Rfe1 Qd7 31. R4e2 Bc8 32.
Bc4 Kh7 33. Bd3 Qd5 34. Re8 Qd7 35. Rxd8 Qxd8 36. Qxc6 Bd7 37. Qd6 Qc8 38. Be4 Bxf5 39. Qd5 Bxe4 40. Qxe4+ g6 41. c6 d3 42. Qxd3 Qxc6 43.
Qc4 Qd7 44. Rf1 Kg7 45. Qa6 Qd8 46. Qc4 h5 47. h3 h4 48. Qa6 Qe7 49. Qxa5 Be5 50.
Qe1 Qg5 51. Qf2 f6 52. Qf3 Bd6 53. Re1 Be5 54. Qe3 Qf5 55. Rd1 Bf4 56. Qe7+ Kh6 57. Qf8+ Kg5 58. Qa8 Kh6 59. Qf3 Qg5 60. Rf1 Be5 61. Qg4 Qd2 62. Qxh4+ Kg7 63. Qf2 Qc3 64. Re1 Bg3 65. Qa7+ Kh6 66. Qe3+ 1-0

[Event "*** Titled Tuesday Blitz"]
[Site "Chess.com"]
[Date "2018.09.04"]
[Round "5"]
[White "NateSolon"]
[Black "TrimitziosP7"]
[Result "0-1"]
[WhiteElo "2510"]
[BlackElo "2651"]
[TimeControl "180+2"]
[EndTime "14:43:12 PDT"]
[Termination "TrimitziosP7 won by resignation"]

1. d4 d5 2. Bf4 c5 3. e3 Nc6 4. Nf3 Nf6 5. Nbd2 Bf5 6. dxc5 e6 7. Nd4 Bxc5 8. Nxf5 exf5 9. Bd3 g6 10. c3 O-O 11.
O-O Ne4 12. Nb3 Bb6 13. h3 Qf6 14. Qf3 Ne5 15. Bxe5 Qxe5 16. Rad1 Rad8 17. Bc2 Bc7 18. g3 h5 19. h4 Bb6 20. Nd4 Kg7 21. Bb3 Nf6 22. Ne2 Rd6 23. Nf4 Rfd8 24. Rd3 Qe4 25. Kg2 Ng4 26. Rfd1 Qxf3+ 27. Kxf3 Ne5+ 28. Ke2 Nxd3 29. Rxd3 a6 30. Bxd5 R8d7 31. c4 Bc5 32. a3 a5 33. Rb3 Rb6 34. Rxb6 Bxb6 35. Nd3 Kf6 36.
b4 axb4 37. axb4 Ba7 38. Kd2 b6 39. Kc3 Bb8 40. Kb3 Ra7 41. c5 bxc5 42. Nxc5 Bd6 43. Nd3 Ra1 44. Kc4 Ke7 45. Kd4 f6 46. Kc4 g5 47.
Bf3 g4 48. Bb7 Ra7 49. Bd5 Rc7+ 50. Kd4 Rc2 51. Bc4 Be5+ 52. Kd5 Bd6 53. b5 Rd2 54. Kc6 Rc2 55. Kd5 Rd2 56. Kc6 Rd1 57. b6 Rb1 58. b7 Bb8 59. Nc5 Rc1 60. Kd5 Rb1 61.
Kc6 Rb4 62. Bd3 Rb2 63. Bxf5 Rxf2 64. Bg6 Bxg3 65. Na6 Rb2 66. Bxh5 f5 67. Kd5 Bd6 68. Kc6 g3 69. Bf3 g2 70. Bxg2 Rxg2 71. b8=Q Bxb8 72.
Nxb8 Re2 73. Nd7 Rxe3 74. Nc5 f4 0-1

[Event "*** Titled Tuesday Blitz"]
[Site "Chess.com"]
[Date "2018.09.04"]
[Round "5"]
[White "champ2005"]
[Black "Alopekos"]
[Result "1/2-1/2"]
[WhiteElo "2737"]
[BlackElo "2442"]
[TimeControl "180+2"]
[EndTime "14:43:13 PDT"]
[Termination "Game drawn by repetition"]

1. e4 e5 2. Nf3 Nc6 3. Bc4 Nf6 4. Ng5 d5 5. exd5 Na5 6. Bb5+ c6 7. dxc6 bxc6 8. Bd3 Be7 9. Nc3 O-O 10. O-O h6 11. Nf3 Bd6 12. Re1 Re8 13. b3 c5 14. Bb2 Rb8 15.
Ne4 Nxe4 16. Bxe4 Qf6 17. Bd5 Bg4 18. d3 Rbd8 19. Qd2 Bc7 20. Be4 c4 21. Bc3 Nc6 22. bxc4 Nd4 23. Bxd4 exd4 24. h3 Bh5 25. Re2 Qd6 26.
g3 Rxe4 27. Rxe4 Bxf3 28. Rf4 Ba8 29. Re1 Qc6 30. Rfe4 Qd7 31. Qe2 Bxe4 32. Qxe4 Ba5 33. Re2 Bc3 34. Kg2 a5 35. Qf3 a4 36. Re5 a3 37.
Qe4 Qd6 38. Rd5 Qc7 39. Rb5 Qd7 40. Rb7 Qe6 41. Qf3 Re8 42. Ra7 Re7 43. Rxa3 Re8 44. Ra7 Re7 45. Ra8+ Re8 46. Ra7 Re7 47. Ra3 Re8 48. Rb3 Qd6 49. Rb7 Re7 50. Rb5 Re8 51. a4 Rc8 52. a5 Qc6 53. Rd5 Qa8 54. Rd7 Qxf3+ 55. Kxf3 Ra8 56. c5 Rxa5 57. c6 Rc5 58.
c7 Kh7 59. Rxf7 Kg6 60. Rd7 Ba5 61. Rxd4 Rxc2 62. Rd6+ Kh7 63. Rd5 Bxc7 64. d4 Kg6 65. h4 Kf6 66. Ke3 Ke6 67. Rb5 Bd6 68. Rb7 Kf6 69.
Rb6 Ke6 70. Rb7 Kf6 71. Rd7 Ba3 72. Kf3 Rd2 73. Ke3 Bc1 74. Kf3 Bb2 75. Ke3 Bc1 76.
Kf3 Bb2 77. Ke3 Bc1 78. Kf3 1/2-1/2

[Event "*** Titled Tuesday Blitz"]
[Site "Chess.com"]
[Date "2018.09.04"]
[Round "5"]
[White "Korchmar_Vasiliy"]
[Black "JonahWillow"]
[Result "0-1"]
[WhiteElo "2638"]
[BlackElo "2751"]
[TimeControl "180+2"]
[EndTime "14:43:16 PDT"]
[Termination "JonahWillow won by resignation"]

1. d4 Nf6 2. Nf3 e6 3. Bf4 c5 4.
e3 cxd4 5. exd4 Be7 6. Nbd2 O-O 7. h3 b6 8. Bd3 Bb7 9. O-O d6 10. a4 a6 11. Bh2 Re8 12. Qe2 Nbd7 13. a5 bxa5 14.
Nc4 e5 15. dxe5 dxe5 16. Nfxe5 Nxe5 17. Bxe5 Qd5 18. f3 Nd7 19. Kh1 Bd8 20. f4 Bc7 21. Rad1 Qc6 22. Qf2 Nxe5 23. Nxe5 Bxe5 24. fxe5 Re7 25.
b3 Rae8 26. Bc4 Qc7 27. Rd6 Bc8 28. Qd4 Be6 29. Bd3 g6 30. Qf4 Qc8 31. h4 Rd8 32. h5 Rxd6 33. exd6 Rd7 34. Re1 Qf8 35. hxg6 hxg6 36.
Bxg6 Rxd6 37. Be4 Qd8 38. Qg3+ Kf8 39. Qf4 Kg8 40. Bd3 Rd4 41. Qe3 Bxb3 42. Qg3+ Kf8 43. Bh7 Qh4+ 44. Qxh4 Rxh4+ 45. Kg1 Rxh7 46. cxb3 Rh5 47.
Rc1 Rb5 48. Rc6 Rxb3 49. Rxa6 Rb5 50. Ra7 Kg7 51. Kf2 Kg6 52. Kf3 Rb3+ 53. Kf4 Ra3 54.
g4 f6 55. Ra8 Ra1 56. Rg8+ Kf7 57. Ra8 a4 58. Kf5 Rf1+ 59. Ke4 Rg1 60. Kf5 Rf1+ 61.
Ke4 Ra1 62. Kf5 Rf1+ 63. Ke4 Kg6 64. Rg8+ Kf7 65. Ra8 Kg6 66. Rg8+ Kh6 67. Ra8 Kg5 68. Rxa4 Rf4+ 0-1

[Event "*** Titled Tuesday Blitz"]
[Site "Chess.com"]
[Date "2018.09.04"]
[Round "5"]
[White "AndrewDGreen"]
[Black "patrisiii123"]
[Result "1-0"]
[WhiteElo "2215"]
[BlackElo "2303"]
[TimeControl "180+2"]
[EndTime "14:43:21 PDT"]
[Termination "AndrewDGreen won by resignation"]

1. d4 d5 2. Bf4 c5 3. e3 Nf6 4. Nc3 e6 5. Nb5 Na6 6. c3 Be7 7. Nf3 O-O 8. Ne5 Ne4 9. Bd3 f6 10. Nf3 Bd7 11. a4 Qe8 12. O-O g5 13. Bg3 Bc6 14.
Bxe4 dxe4 15. Nd2 f5 16. Be5 Bxb5 17. axb5 Qxb5 18. Qc2 cxd4 19. cxd4 Nb4 20. Qb3 Qd5 21.
Rfc1 Rac8 22. Nc4 Nd3 23. Rc3 Nxe5 24. Nxe5 b6 25. Qc2 Rxc3 26. bxc3 a5 27. c4 Qd6 28.
Rb1 Rc8 29. Qa4 Bf6 30. Nd7 Bd8 31. g3 Qc6 32. Qxc6 Rxc6 33. Ne5 Rd6 34. Kf1 Bf6 35. c5 bxc5 36. Rb8+ Kg7 37. Rb7+ Kf8 38. Nd7+ Ke7 39. Nxc5+ Ke8 40. Ra7 Rb6 41. Rxa5 e5 42. dxe5 Bxe5 43. Nxe4 fxe4 44. Rxe5+ Kf7 45. Rxe4 Kf6 46. Kg2 h5 47. h3 Kf5 48. Rd4 Re6 49.
g4+ hxg4 50. hxg4+ Ke5 51. Kg3 Ra6 52. Rb4 Ra2 53.
Rb5+ Kf6 54. Rf5+ Kg6 55. f4 Ra3 56. Rxg5+ Kf6 57. Re5 Ra4 58. Kf3 Ra1 59. g5+ Kg6 60.
Re6+ Kf7 61. Rf6+ Kg7 62. e4 Rg1 63. e5 Re1 64. e6 Rf1+ 65. Kg4 Re1 66. Kf5 Rf1 67.
Rf7+ Kg8 68. Ra7 Re1 69. Kf6 Rf1 70. f5 Rd1 71. Kg6 Kf8 72. f6 Ke8 73. Ra8+ Rd8 74. Rxd8+ Kxd8 75. Kf7 Kc7 76. e7 Kd6 77. e8=Q Kd5 1-0

[Event "*** Titled Tuesday Blitz"]
[Site "Chess.com"]
[Date "2018.09.04"]
[Round "5"]
[White "CrushingKings"]
[Black "Zarikovs1999"]
[Result "0-1"]
[WhiteElo "1817"]
[BlackElo "2185"]
[TimeControl "180+2"]
[EndTime "14:43:25 PDT"]
[Termination "Zarikovs1999 won by resignation"]

1. e4 c5 2. Nf3 d6 3. d4 cxd4 4. Nxd4 Nf6 5. Nc3 a6 6. f3 e5 7. Be3 exd4 8. Bxd4 Nc6 9. Be3 Be7 10. Qd2 Be6 11.
O-O-O O-O 12. g4 Ne5 13. Be2 Nc4 14. Bxc4 Bxc4 15. g5 Nh5 16. f4 b5 17. b3 b4 18.
Na4 Bb5 19. Nb6 Rb8 20. Nd5 Bc6 21. Qe2 Bxd5 22. Rxd5 g6 23. Rhd1 Qc7 24. f5 Rfc8 25. Kb1 Rb5 26. R5d2 Re5 27. Rd4 a5 28. Rc4 Qb7 29.
Bd4 Rxc4 30. bxc4 Qxe4 31. Qxe4 Rxe4 32. f6 Bf8 33. Kb2 h6 34. Kb3 hxg5 35. Ka4 Re6 36. Kxa5 Nxf6 37. Kxb4 Nd7 38. a4 f5 39. a5 Nb8 40. Kb5 Re7 41. a6 Nxa6 42. Kxa6 f4 43. Rg1 Re4 44. Bf6 Rxc4 45. Bxg5 Bg7 46. Rf1 Be5 47.
Kb5 Rxc2 48. Bxf4 Bxf4 49. Rxf4 Rxh2 50. Kc6 Rd2 51. Kd7 Kg7 52. Ke6 g5 53. Rf7+ Kg6 54. Rf6+ Kh5 55. Rf8 Kg4 56. Rh8 Kg3 57. Kf5 g4 58.
Rg8 Rf2+ 59. Ke4 Kh3 60. Ke3 g3 61. Rg6 d5 62. Rg5 Ra2 63. Rh5+ Kg4 64. Rxd5 g2 65. Rd1 Kg3 66. Ke4 Rf2 67. Ke3 Rf1 0-1

[Event "*** Titled Tuesday Blitz"]
[Site "Chess.com"]
[Date "2018.09.04"]
[Round "5"]
[White "dreamist"]
[Black "JoachimMouhamad"]
[Result "1-0"]
[WhiteElo "2646"]
[BlackElo "2411"]
[TimeControl "180+2"]
[EndTime "14:43:25 PDT"]
[Termination "dreamist won by checkmate"]

1. e4 c5 2. Nf3 d6 3. c3 Nf6 4.
Bd3 Nc6 5. h3 Ne5 6. Bc2 g6 7.
d4 Nxf3+ 8. Qxf3 cxd4 9. cxd4 Bg7 10. Nc3 O-O 11. O-O Be6 12. Be3 Rc8 13. Rfd1 Qa5 14. a3 a6 15. Rac1 Rfd8 16. Qe2 Qh5 17. Qxh5 Nxh5 18. g4 Nf6 19. f3 Ne8 20. Kf2 Bd7 21.
Nd5 Rxc2+ 22. Rxc2 Ba4 23. Rdc1 Bxc2 24. Rxc2 e6 25.
Nb6 h6 26. d5 Kf8 27. b4 g5 28. Ke2 Be5 29. Kd3 Kg7 30. a4 Kg6 31. Ke2 h5 32. Nc4 exd5 33. exd5 Nf6 34. Nb6 Re8 35. Kd3 Bf4 36.
Bd4 Re7 37. Re2 Rc7 38. Rc2 Re7 39. Bf2 Re5 40. Bd4 Re7 41. b5 axb5 42. axb5 h4 43.
Bf2 Re5 44. Rc7 Nxd5 45. Rxb7 Nb4+ 46. Kc4 Nc2 47. Nd5 Na3+ 48. Kd4 Re2 49. Be3 Nc2+ 50.
Kd3 Rxe3+ 51. Kxc2 Rxf3 52. b6 Rf2+ 53. Kb3 Be5 54.
Rb8 Rf3+ 55. Kc4 Kg7 56. b7 Rf1 57. Rg8+ Kxg8 58. b8=Q+ Kg7 59. Qd8 Rc1+ 60. Kb3 Bf4 61. Qf6+ Kg8 62. Ne7+ Kf8 63. Nf5 Rb1+ 64. Ka2 Rb2+ 65.
Qxb2 Be5 66. Qb8# 1-0

[Event "*** Titled Tuesday Blitz"]
[Site "Chess.com"]
[Date "2018.09.04"]
[Round "5"]
[White "PowerThinking2650"]
[Black "enriquetejedor"]
[Result "1-0"]
[WhiteElo "2238"]
[BlackElo "2389"]
[TimeControl "180+2"]
[EndTime "14:43:27 PDT"]
[Termination "PowerThinking2650 won by resignation"]

1. e4 e6 2. d4 d5 3. Nd2 Be7 4.
Ngf3 Nf6 5. e5 Nfd7 6. Bd3 c5 7. c3 b6 8. Qe2 a5 9. Bb5 Ba6 10. a4 O-O 11. O-O Qc8 12. Re1 c4 13. Nf1 Nc6 14. Ng3 Bxb5 15. axb5 Na7 16. Nh5 Nxb5 17. Bg5 Qe8 18. Qe3 Nc7 19. Bh6 f5 20. exf6 Qxh5 21. fxe7 Rf7 22. Bf4 Ne8 23. Qxe6 Ra7 24. Ng5 h6 25. Nxf7 Qxf7 26. Bg3 Qxe6 27. Rxe6 Kf7 28. Rae1 b5 29. Rc6 b4 30. Bd6 bxc3 31. bxc3 Ndf6 32.
Ba3 Rb7 33. Ra6 Rb3 34. Rxa5 Rxc3 35. f3 Rd3 36. Bc5 Rb3 37. Ra6 Rb7 38. Rb6 Rc7 39.
Rbb1 Rc6 40. Re5 Rc8 41. g4 Nc7 42. Rb7 Nce8 43. h4 Rc6 44. g5 Nh5 45. Rf5+ Ke6 46. Rf8 Rc8 47. Rb6+ Kd7 48. gxh6 gxh6 49. Rxh6 Nhg7 50.
Rg6 Ne6 51. h5 c3 52. Ba3 c2 53. Bc1 Kxe7 54. Rh8 Rc3 55. Rh7+ N6g7 56. h6 Rxf3 57. Rgxg7+ Kf6 58. Rf7+ Kg6 59. Rxf3 Kxh7 60. Rf7+ Kg6 61. Rc7 Nf6 62. Rc6 Kf7 63. Rxf6+ Kxf6 64. Kf2 Kg6 65. Ke3 1-0

[Event "*** Titled Tuesday Blitz"]
[Site "Chess.com"]
[Date "2018.09.04"]
[Round "5"]
[White "Drags95"]
[Black "AkibaRubi"]
[Result "1/2-1/2"]
[WhiteElo "2656"]
[BlackElo "2493"]
[TimeControl "180+2"]
[EndTime "14:43:39 PDT"]
[Termination "Game drawn by agreement"]

1. e4 e6 2. d4 d5 3. Nc3 dxe4 4. Nxe4 Be7 5. Nf3 Nf6 6. Bd3 O-O 7. Nxf6+ Bxf6 8.
c3 b6 9. Qc2 g6 10. Be4 c6 11.
h4 h5 12. Bh6 Bg7 13. Bxg7 Kxg7 14. Ne5 Bb7 15. Bxg6 Nd7 16. Nxd7 Qxd7 17. Bxh5 c5 18. O-O-O cxd4 19. Rxd4 Qxd4 20. cxd4 Rac8 21. Rh3 Rxc2+ 22.
Kxc2 Bxg2 23. Rg3+ Kh6 24. Be2 Be4+ 25. Kd2 Bd5 26.
a3 f5 27. h5 Rf6 28. f4 Bc6 29. Rg8 Bd5 30. Rh8+ Kg7 31. Rc8 Rf7 32. b4 Kh6 33.
Ke3 Rg7 34. Rh8+ Rh7 35. Rf8 Rg7 36. Rf6+ Kh7 37. a4 Rg3+ 38. Kf2 Rg2+ 39. Kf1 Rg7 40. a5 Rc7 41. Rf8 Kg7 42. Rd8 Kh6 43. Ke1 bxa5 44. bxa5 Rc1+ 45. Kd2 Ra1 46. a6 Ra2+ 47. Ke1 Ra1+ 48.
Kf2 Ra2 49. Kf1 Ra1+ 50. Kf2 Ra2 51. Rc8 Ra4 52. Ke3 Ra3+ 53. Kd2 Ra2+ 54. Rc2 Ra4 55.
Ke3 Ra3+ 56. Kf2 Ra4 57. Rd2 Bc4 58. Bxc4 Rxc4 59. Ke3 Ra4 60. d5 exd5 61. Rxd5 Ra3+ 62. Kd4 Kxh5 63. Rxf5+ Kg6 64. Rg5+ Kh6 65. Rc5 Rxa6 66.
Ke5 Kg7 67. f5 Kf7 68. Rc7+ Kf8 69. f6 Rb6 70. Kf5 Rb1 71. Rxa7 Rf1+ 72. Ke6 1/2-1/2